 Dungeon Crawl Stone Soup version 0.29-a0-284-gf9362112df (webtiles) character file.

Game seed: 17636065928350672645

119 sammy202020 the Skirmisher (level 4, 0/31 (37) HPs)
             Began as a Demonspawn Berserker on Mar 26, 2022.
             Was a Believer of Trog.
             Slain by a wight
             ... wielding a +4 dagger
              (2 damage)
             ... on level 3 of the Dungeon.
             The game lasted 00:03:14 (2442 turns).

sammy202020 the Skirmisher (Demonspawn Berserker)   Turns: 2442, Time: 00:03:15

HP:   0/31 (37)     AC:  8    Str: 17    XL:     4   Next: 74%
MP:   4/4           EV:  7    Int: 10    God:    Trog [**....]
Gold: 86            SH:  0    Dex: 13    Spells: 3/3 levels left

rFire   . . .      SeeInvis .   a - +1 hand axe
rCold   . . .      Faith    .   (no shield)
rNeg    . . .      Spirit   .   m - +0 chain mail
rPois   .          Reflect  .   (helmet restricted)
rElec   .          Harm     .   (no cloak)
rCorr   .          Rampage  .   (no gloves)
Will    ++...                   (no boots)
Stlth   ..........              (no amulet)
HPRegen 1.10/turn               (no ring)
MPRegen 0.09/turn               (no ring)

@: strong-willed (expiring), regenerating (expiring), heavily drained
A: horns 2, demonic guardian 1
a: Renounce Religion, Berserk, Trog's Hand


You were on level 3 of the Dungeon.
You worshipped Trog.
Trog was pleased with you.
You visited 1 branch of the dungeon, and saw 3 of its levels.

You collected 86 gold pieces.

Inventory:

Hand Weapons
 a - a +1 hand axe (weapon)
 f - a +0 mace
Armour
 m - a +0 chain mail (worn)
Scrolls
 b - a scroll of teleportation
 d - a scroll of summoning {unknown}
 e - a scroll of enchant weapon
 g - a scroll of immolation {unknown}
Potions
 c - a potion of magic {unknown}
 i - 2 potions of heal wounds
 j - 2 potions of curing


   Skills:
 * Level 4.1 Fighting
 * Level 3.5 Axes
 + Level 2.3 Armour
 + Level 2.4 Dodging


You had 3 spell levels left.
You didn't know any spells.
Your spell library was empty.

Dungeon Overview and Level Annotations

Branches:
Dungeon (3/15)

Altars:
Ru


Innate Abilities, Weirdness & Mutations

You have a pair of horns on your head.
A weak demonic guardian rushes to your aid.


Message History

The wight hits you with a +0 hand axe.
You feel drained.
You hit the wight but do no damage.
The wight is moderately damaged.
The wight barely misses you.
You hit the wight but do no damage. You headbutt the wight.
The wight is heavily damaged.
The wight barely misses you. The wight hits you but does no damage.
You barely miss the wight.
The wight is heavily damaged.
The wight hits you with a +0 hand axe!
You completely miss the wight. Your punch misses the wight.
The wight is heavily damaged.
The wight hits you but does no damage.
You slash the wight! You headbutt the wight.
You destroy the wight!
Trog accepts your kill.
Your life force feels restored.
Your Fighting skill increases to level 4!
You hit the wight but do no damage. You punch the wight, but do no damage.
The wight hits you with a +4 dagger.
A demonic guardian appears!
You feel drained. The wight closely misses you.
You barely miss the wight. The wight closely misses you.
The wight barely misses you.
You closely miss the wight.
You feel the effects of Trog's Hand fading.
The wight barely misses you. x2
You hit the wight but do no damage. The wight hits you with a +4 dagger.
You feel drained.
The wight hits you from afar with a +0 spear.
You feel drained.
You barely miss the wight.
The wight hits you from afar with a +0 spear!
The wight hits you with a +4 dagger. x2
The wight hits you from afar with a +0 spear.
You hit the wight.
The wight is heavily damaged.
The wight hits you with a +4 dagger!
* * * LOW HITPOINT WARNING * * *
You feel drained.
You die...

#### ###...# w.....# #####
......#
###...##############....[.#
#............5@zzw.'......+
#...#.##############......#
#.###.#......# ......#
#>†...+......+ .......
#.#...#......# #######
#.#.###......#
###.###......# #..........#
########.......#


You could see 2 wights, a dart slug and a friendly quasit (summoned).

Vanquished Creatures
  A wight (D:3)
  A worm (D:2)
  7 bats
  4 endoplasms
  3 giant cockroaches
  8 goblins
  2 hobgoblins
  2 jackals (D:2)
  2 quokkas
  9 ball pythons
  4 frilled lizards
  2 kobolds (D:1)
  4 rats
49 creatures vanquished.

Vanquished Creatures (collateral kills)
  An adder (D:2)
  An endoplasm (D:1)
  A jackal (D:2)
3 creatures vanquished.

Grand Total: 52 creatures vanquished

Notes
Turn   | Place    | Note
-------+----------+-------------------------------------------
     0 | D:1      | sammy202020 the Demonspawn Berserker began the quest for
                  | the Orb.
     0 | D:1      | Reached XP level 1. HP: 18/18 MP: 1/1
   514 | D:1      | Gained mutation: A weak demonic guardian rushes to your
                  | aid. [demonic ancestry]
   514 | D:1      | Reached XP level 2. HP: 24/24 MP: 2/2
  1255 | D:1      | Gained mutation: You have a pair of small horns on your
                  | head. [demonic ancestry]
  1255 | D:1      | Reached XP level 3. HP: 21/29 MP: 3/3
  1554 | D:2      | Found a faded altar of an unknown god.
  1739 | D:2      | Found a sacrificial altar of Ru.
  2055 | D:2      | Reached ** piety under Trog
  2395 | D:3      | Gained mutation: You have a pair of horns on your head.
                  | [demonic ancestry]
  2395 | D:3      | Reached XP level 4. HP: 37/37 MP: 4/4
  2437 | D:3      | Reached skill level 4 in Fighting
  2442 | D:3      | Slain by a wight

Illustrated notes

Levels and vault maps discovered:
D:1:      dpeg_arrival_rhombi, layout_loops_ring
D:2:      minmay_recursive_quarters, layout_rooms,
          hellmonk_ecumenical_altar_pennies_from_heaven, basic_altar,
          kennysheep_generic_room_16
D:3:      layout_basic, uniq_jessica

Skill      XL: |  1  2  3  4 |
---------------+-------------+-----
Axes           | 3 |  3.5
Armour         | 2 |  2.3
Dodging        | 2 |  2.4
Fighting       | 4 |  4.1

Action                   |  1- 3 |  4- 6 || total
-------------------------+-------+-------++-------
Melee: Hand axe          |   114 |    14 ||   128
       Headbutt          |     7 |     3 ||    10
       Punch             |       |     1 ||     1
Invok: Berserk           |     1 |       ||     1
       Trog's Hand       |       |     1 ||     1
  Use: Scroll            |     7 |       ||     7
 Stab: Sleeping          |     3 |       ||     3
Armor: Animal skin       |    10 |       ||    10
       Leather armour    |     7 |       ||     7
       Chain mail        |    11 |     3 ||    14
       Scale mail        |     6 |       ||     6
Dodge: Dodged            |    67 |     8 ||    75

Table legend: (Time is in decaauts)
 A = Elapsed time spent in this place.
 B = Non-inter-level travel time spent in this place.
 C = Inter-level travel time spent in this place.
 D = Time resting spent in this place.
 E = Time spent auto-exploring this place.
 F = Levels seen in this place.
 G = Mean time per level.
                   A        B        C        D        E       F      G
               +--------+--------+--------+--------+--------+-----+--------+
         Total |   2477 |   2404 |     73 |      0 |   1957 |   3 |  825.7 |
       Dungeon |   2477 |   2404 |     73 |      0 |   1957 |   3 |  825.7 |
               +--------+--------+--------+--------+--------+-----+--------+

Top non-repeatable levels by time:
     D:1: 1493 daAuts
     D:2: 907 daAuts
     D:3: 75 daAuts
